Map: Blackpink LE

Players

Kotae

  • Race: Zerg Zerg
  • League: Platinum
  • Spawn Location: 1:00

Kozzy - Winner!

  • Race: Protoss Protoss
  • League: Gold
  • Spawn Location: 7:00

VOD

Have the link to the VOD?

Description

Time

  • Played on: April 4, 2018, 2:41 a.m.
  • Length: 6:38
Show
View Real Time Build Order
Export as new Build Order

Kotae Zerg 

Build Orders: Hatch First 

Get SALT Encoding   

  12  0:01  Drone  
  13  0:08  Drone  
  14  0:19  Overlord  
  14  0:46  Drone  
  14  0:49  Drone, Hatchery  
  15  0:53  Drone  
  16  0:58  Drone  
  17  1:15  Drone, Spawning Pool  
  17  1:20  Extractor  
  17  1:22  Drone  
  17  1:45  Drone x2  
  19  1:54  Overlord  
  19  2:02  Queen  
  19  2:05  Drone  
  19  2:07  Queen  
  24  2:12  Drone x2  
  26  2:16  Zergling x2  
  27  2:32  Zergling x2  
  27  2:35  Zergling x2  
  27  2:36  Drone  
  31  2:37  Drone  
  31  2:53  Drone  
  32  3:00  Drone x2  
  34  3:06  Drone  
  34  3:08  Drone x2, Roach Warren  
  36  3:13  Hatchery  
  35  3:25  Lair  
  35  3:30  Drone x2, Extractor  
  35  3:31  Overlord x2  
  36  3:38  Baneling Nest  
  35  3:43  Metabolic Boost  
  35  3:49  Drone x2  
  35  3:52  Drone x4  
  41  4:04  Drone x4  
  45  4:25  Queen  
  45  4:26  Drone  
  45  4:31  Zergling x14  
  52  4:32  Zergling x2  
  56  4:41  Hydralisk Den  
  56  4:45  Drone, Evolution Chamber  
  56  4:48  Evolution Chamber  
  56  4:52  Drone x2  
  56  4:53  Drone x2  
  56  4:57  Extractor  
  56  4:58  Extractor  
  56  4:59  Drone  
  57  5:00  Drone  
  57  5:01  Overlord  
  57  5:02  Overlord  
  58  5:26  Drone x4  
  58  5:38  Roach x7  
  72  5:47  Overlord x2  
  72  5:50  Overlord  
  72  5:51  Overlord  
  72  5:57  Drone  
  73  6:13  Extractor  
  73  6:15  Extractor  
  73  6:18  Drone x5  
  74  6:19  Drone  
  74  6:24  Hatchery  
Show
View Real Time Build Order
Export as new Build Order

Kozzy Protoss - Winner!

Build Orders:  

Get SALT Encoding   

  12  0:01  Probe  
  13  0:13  Probe  
  14  0:27  Probe  
  15  0:28  Pylon  
  15  0:46  Probe (Chrono Boost)  
  15  0:48  Gateway  
  16  0:55  Assimilator  
  17  0:58  Probe (Chrono Boost)  
  17  1:04  Probe (Chrono Boost)  
  18  1:15  Pylon  
  18  1:18  Probe  
  19  1:30  Probe  
  20  1:38  Assimilator  
  20  1:48  Cybernetics Core  
  20  1:49  Zealot (Chrono Boost)  
  22  1:56  Pylon, Gateway  
  22  2:04  Pylon  
  22  2:10  Probe  
  23  2:27  Shield Battery  
  23  2:28  Stalker  
  25  2:32  Warp Gate  
  25  2:36  Gateway  
  25  2:50  Pylon  
  25  2:59  Stalker  
  27  3:12  Zealot  
  29  3:17  Gateway  
  29  3:22  Twilight Council  
  29  3:24  Pylon  
  29  3:43  Zealot  
  31  3:50  Pylon  
  31  3:55  Charge (Chrono Boost)  
  31  3:57  Gateway  
  31  4:09  Forge  
  31  4:41  Protoss Ground Weapons Level 1  
  31  4:51  Photon Cannon  
  31  4:55  Photon Cannon  
  31  5:03  Zealot  
  31  5:04  Zealot x3  
  39  5:11  Stalker  
  41  5:39  Zealot x3  
  41  5:40  Zealot x2  
  51  5:59  Zealot  
  51  6:00  Zealot x3  
  59  6:06  Zealot  
  59  6:36  Stalker x2  
Tags
 
Add a new tag
Caveats
  • Supply blocks, unpowered buildings, or Contaminate may cause inaccurate times.
  • Supply counts are checked every 10 seconds.